 Dungeon Crawl Stone Soup version 0.20-a0-555-g2849729 (webtiles) character file.

4298 smeego the Transmogrifier (level 9, 0/90 HPs)
             Began as a Cyno Transmuter on Mar 24, 2017.
             Was an Initiate of Cheibriados.
             Succumbed to a killer bee's poison
             ... on level 8 of the Dungeon.
             The game lasted 00:20:27 (8956 turns).

smeego the Transmogrifier (Cyno Transmuter)         Turns: 8956, Time: 00:20:28

Health: 0/90       AC:  6    Str:  8 (10) XL:     9   Next: 86%
Magic:  18/18      EV: 19    Int: 15 (17) God:    Cheibriados [......]
Gold:   441        SH:  0    Dex: 20 (21) Spells: 1/20 levels left

rFire    x . .     SeeInvis .     - Unarmed
rCold    + + +     Gourm    .   (armour currently unavailable)
rNeg     . . .     Faith    .   (shield currently unavailable)
rPois    +         Spirit   .   (helmet currently unavailable)
rElec    .         Reflect  .   (cloak currently unavailable)
rCorr    .         Harm     .   (gloves currently unavailable)
MR       +....                  (boots currently unavailable)
Stlth    +++++.....             (no amulet)
Regen    0.3/turn               G - ring of wizardry
                                q - ring of protection from magic

@: agile, lethally poisoned (0 -> -10), ice-form, very slightly contaminated,
starving, very slow
A: short attention span, (camouflage 0), robust 1, strong nose 1
a: End Transformation, Bend Time, Renounce Religion


You were on level 8 of the Dungeon.
You worshipped Cheibriados.
Cheibriados was noncommittal.
You were starving.
You were a creature of crystalline ice.
You visited 2 branches of the dungeon, and saw 9 of its levels.

You collected 441 gold pieces.

Inventory:

Hand Weapons
 l - a +1 shortbow of freezing
Missiles
 a - 96 arrows
Armour
 f - a +1 cloak (melded)
 h - a +0 leather armour (melded)
 t - a +0 pair of gloves (melded)
 w - a +0 helmet (melded)
Jewellery
 q - a ring of protection from magic (left front paw)
 y - an uncursed ring of teleportation
 G - a ring of wizardry (right front paw)
Scrolls
 k - 2 scrolls of fog
 n - a scroll of remove curse
 x - a scroll of teleportation
 C - 2 scrolls of amnesia
 F - a scroll of vulnerability
Potions
 e - 2 potions of haste
 i - a potion of cure mutation
 m - a potion of invisibility
 o - 4 potions of brilliance
 p - a potion of cancellation
 z - a potion of resistance
 K - a potion of heal wounds {unknown}
Books
 c - a book of Changes

   Spells                             Type                      Level
   a - Beastly Appendage              Transmutation                1
   b - Sticks to Snakes               Transmutation                2
   c - Spider Form                    Transmutation/Poison         3
   d - Ice Form                       Ice/Transmutation            4
   e - Blade Hands                    Transmutation                5
 r - Sif Muna's Incunabulum of the Traveller
   (You found it on level 4 of the Dungeon)

   Spells                             Type                      Level
   a - Apportation                    Translocation                1
 I - a book of Air

   Spells                             Type                      Level
   a - Shock                          Conjuration/Air              1
   b - Swiftness                      Charms/Air                   2
   c - Repel Missiles                 Charms/Air                   2
   d - Static Discharge               Conjuration/Air              3
   e - Lightning Bolt                 Conjuration/Air              5
Comestibles
 d - 4 bread rations
 s - 5 fruits
 B - 3 royal jellies
 H - 2 meat rations


   Skills:
 - Level 5.7 Fighting
 * Level 3.2 Bows
 - Level 5.5 Dodging
 + Level 6.9 Stealth
 - Level 6.0 Unarmed Combat
 - Level 6.0 Spellcasting
 + Level 4.8 Conjurations
 + Level 4.8 Charms
 * Level 8.7 Transmutations
 - Level 6.1 Ice Magic
 + Level 4.9 Air Magic
 - Level 6.1 Poison Magic


You had one spell level left.
You knew the following spells:

 Your Spells              Type           Power        Failure   Level  Hunger
a - Beastly Appendage     Tmut           ####..       1%          1    None
b - Sticks to Snakes      Tmut           ####....     1%          2    #......
c - Spider Form           Tmut/Pois      ####......   1%          3    ##.....
d - Ice Form              Ice/Tmut       ####....     4%          4    ####...
e - Blade Hands           Tmut           ####......   6%          5    ######.
f - Apportation           Tloc           #.....       6%          1    None
g - Shock                 Conj/Air       ###.         1%          1    None
h - Repel Missiles        Chrm/Air       ###...       1%          2    #......


Dungeon Overview and Level Annotations

Branches:
Dungeon (8/15)             Temple (1/1) D:7
   Lair: D:8-11

Altars:
Ashenzari
Cheibriados
Fedhas
Hepliaklqana
Kikubaaqudgha
Makhleb
Nemelex Xobeh
Okawaru
Qazlal
Ru
Sif Muna
Trog
Vehumet
Xom
Yredelemnul
The Shining One

Shops:
D:4 %   D:8 ?

Annotations:
D:3 flyleaff's ghost, amateur CySk
D:4 exclusion: statue


Innate Abilities, Weirdness & Mutations

You have a short attention span.
You have a good sense of smell.
((Your skin changes colour to match your surroundings (Stealth+).))
You are robust. (+10% HP)


Message History

The killer bee moves out of view.
The adder skeleton closely misses you.
A killer bee comes into view.
A killer bee comes into view.
The killer bee buzzes angrily.
The killer bee buzzes angrily.
You see here 4 large rocks.
The killer bee stings you.
* * * LOW HITPOINT WARNING * * *
The killer bee stings you.
* * * LOW HITPOINT WARNING * * *
The killer bee stings you.
* * * LOW HITPOINT WARNING * * *
You are poisoned.
The killer bee poisons you! The killer bee stings you.
* * * LOW HITPOINT WARNING * * *
You are more poisoned.
The killer bee poisons you!
It was a potion of agility.
You feel agile all of a sudden.
You die...

#..####..#...###
#......#..#...#######
##.h..##..#.#....§.gg
##......∩#.#######g#
#.Zg##.......#..>.#
#######gO#..#.#.....###<
.......y(.......##....#.
####.#yy####.#######...
#.#Y## #.# ####. #...#
#.# ##..O.. #....
#.####..##.# ....#.#
#.##..a....# ....# .#
#.##o##.#### ###.# .#
#.##†##.# .. #.#
#...)...# #.# #.#
#..##a### #.####.###o#


You could see a two-headed ogre, a black bear (wandering), a gnoll shaman, 3
killer bees, a gnoll and an adder skeleton.

Vanquished Creatures
  The ghost of jaredbazor0 the Spear-Bearer, a novice MfBe of Trog (D:7)
  Joseph (D:7)
  2 hippogriffs
  Menkaure (D:7)
  A hungry ghost (D:5)
  The ghost of aTarkinC the Magician, an amateur CyWz (D:4)
  2 phantoms
  A necrophage (D:7)
  A sky beast (D:6)
  8 ogres
  A centaur (D:7)
  A bullfrog (D:7)
  A scorpion (D:4)
  3 killer bees (D:8)
  3 wights (D:6)
  3 howler monkeys
  4 crimson imps
  A centaur zombie (D:7)
  A hound (D:6)
  A jelly (D:7)
  A gnoll shaman (D:4)
  3 orc priests
  2 bullfrog skeletons
  5 orc wizards
  Jessica (D:3)
  3 iguanas
  9 worker ants
  A hound skeleton (D:5)
  A worker ant zombie (D:6)
  9 gnolls
  3 adders
  2 worms
  2 dart slugs
  4 leopard geckos
  22 orcs
  5 giant cockroaches
  6 goblins
  9 hobgoblins
  5 jackals
  4 quokkas
  A ball python (D:4)
  10 bats
  5 frilled lizards
  5 kobolds
  A quokka skeleton (D:5)
  A quokka zombie (D:5)
  6 rats
164 creatures vanquished.

Notes
Turn   | Place    | Note
-------+----------+-------------------------------------------
     0 | D:1      | smeego the Cyno Transmuter began the quest for the Orb.
     0 | D:1      | Reached XP level 1. HP: 15/15 MP: 4/4
   254 | D:1      | Reached XP level 2. HP: 15/22 MP: 4/6
   261 | D:1      | HP: 1/22 [dart slug (2)]
   903 | D:1      | Reached skill level 5 in Unarmed Combat
  1076 | D:2      | Reached XP level 3. HP: 23/28 MP: 6/8
  1268 | D:2      | Learned a level 2 spell: Sticks to Snakes
  1272 | D:2      | Learned a level 3 spell: Spider Form
  2065 | D:3      | Reached skill level 4 in Transmutations
  2069 | D:3      | Reached XP level 4. HP: 19/34 MP: 3/9
  2217 | D:3      | Noticed Jessica
  2227 | D:3      | Killed Jessica
  2365 | D:3      | Noticed flyleaff's ghost (amateur CySk)
  2414 | D:4      | Noticed an ogre
  2425 | D:4      | Killed an ogre
  2425 | D:4      | Reached skill level 5 in Transmutations
  2425 | D:4      | Reached XP level 5. HP: 20/42 MP: 7/12
  2440 | D:4      | Noticed an ogre
  2458 | D:4      | Found a radiant altar of Vehumet.
  2544 | D:4      | Reached skill level 5 in Spellcasting
  2558 | D:4      | Killed an ogre
  2558 | D:4      | Reached skill level 6 in Transmutations
  2558 | D:4      | Reached XP level 6. HP: 36/48 MP: 5/13
  2663 | D:4      | Found Hanin's Food Emporium.
  2732 | D:4      | Found a deep blue altar of Sif Muna.
  2746 | D:4      | Learned a level 4 spell: Ice Form
  2853 | D:4      | Reached skill level 1 in Ice Magic
  2853 | D:4      | Reached skill level 1 in Poison Magic
  2856 | D:4      | Identified Sif Muna's Incunabulum of the Traveller
  2863 | D:4      | Reached skill level 1 in Stealth
  3040 | D:5      | Entered Level 5 of the Dungeon
  3115 | D:4      | Noticed aTarkinC's ghost (amateur CyWz)
  3172 | D:5      | Reached XP level 7. HP: 50/54 MP: 9/15
  3539 | D:5      | Found a sacrificial altar of Ru.
  3635 | D:5      | Noticed a hungry ghost
  3644 | D:5      | Killed a hungry ghost
  3644 | D:5      | Reached skill level 5 in Ice Magic
  3644 | D:5      | Reached skill level 5 in Poison Magic
  3667 | D:5      | Found a sacrificial altar of Ru.
  4025 | D:4      | Killed aTarkinC's ghost
  4025 | D:4      | Reached XP level 8. HP: 8/60 MP: 11/16
  4333 | D:4      | Reached skill level 5 in Dodging
  4967 | D:6      | Reached skill level 5 in Fighting
  4967 | D:6      | Reached skill level 5 in Stealth
  5315 | D:6      | Gained mutation: Your skin changes colour to match your surroundings (Stealth+). [mutagenic meat]
  5316 | D:6      | Gained mutation: You are robust. (+10% HP) [mutagenic meat]
  5318 | D:6      | Gained mutation: Scrolls take you a little longer to read. [mutagenic meat]
  5319 | D:6      | Lost mutation: Scrolls take you a little longer to read. [mutagenic meat]
  5381 | D:6      | Learned a level 1 spell: Shock
  5388 | D:6      | Learned a level 5 spell: Blade Hands
  5390 | D:6      | Learned a level 1 spell: Apportation
  5392 | D:6      | Learned a level 1 spell: Shock
  5395 | D:6      | Learned a level 2 spell: Repel Missiles
  5408 | D:6      | Reached skill level 7 in Transmutations
  5972 | D:6      | Reached skill level 1 in Air Magic
  6059 | D:7      | Reached skill level 1 in Conjurations
  6059 | D:7      | Reached skill level 1 in Charms
  6279 | D:7      | Noticed Menkaure
  6286 | D:7      | Killed Menkaure
  6302 | D:7      | Noticed Joseph
  6302 | D:7      | Noticed jaredbazor0's ghost (novice MfBe)
  6311 | D:7      | Noticed a hippogriff
  6482 | D:7      | Killed a hippogriff
  6482 | D:7      | Reached XP level 9. HP: 59/75 MP: 13/18
  6554 | D:7      | Killed jaredbazor0's ghost
  6554 | D:7      | Reached skill level 8 in Transmutations
  6887 | D:7      | Killed Joseph
  7322 | D:7      | Reached skill level 1 in Bows
  7750 | D:7      | Found a staircase to the Ecumenical Temple.
  7828 | Temple   | Entered the Ecumenical Temple
  7907 | Temple   | Became a worshipper of Cheibriados the Contemplative
  8214 | D:8      | Found Eson's Magic Scroll Emporium.
  8221 | D:8      | Noticed a two-headed ogre
  8225 | D:8      | Noticed a two-headed ogre
  8440 | D:8      | Noticed a two-headed ogre
  8955 | D:8      | HP: 2/90 [killer bee (6)]
  8956 | D:8      | Succumbed to a killer bee's poison

Vault maps used:
D:1:      dpeg_arrival_brainrot, minmay_hedge_maze, minmay_pentomino_s2
D:2:      first_bread, minmay_tiny_reverse_x
D:3:      overflow_temple_1_default, lemuel_coloured_pillars_altar,
          uniq_jessica, uniq_crazy_yiuf_cottage
D:4:      vehumet_statue, serial_shops, nicolae_shop_window_shopping,
          led_sif_book
D:5:      basic_altar, lemuel_tele_altar
D:7:      minmay_temple_entry_poolview, uniq_menkaure, uniq_joseph
D:8:      grunt_temple_overflow_gold_and_silver, lair_entry_dummy, serial_shops,
          shop
Temple:   regret_index_temple_generic_petals

Skill      XL: |  1  2  3  4  5  6  7  8  9 |
---------------+----------------------------+-----
Fighting       | 2 3 4 5 |  5.7
Unarmed Combat | 5 6 |  6.0
Transmutations | 4 5 6 7 8 |  8.7
Dodging        | 4 5 |  5.5
Spellcasting   | 4 5 6 |  6.0
Ice Magic      | 3 6 |  6.1
Poison Magic   | 2 6 |  6.1
Stealth        | 1 4 6 |  6.9
Air Magic      | 2 4 |  4.9
Conjurations   | 2 4 |  4.8
Charms         | 2 4 |  4.8
Bows           | 3 |  3.2

Action                   |  1- 3 |  4- 6 |  7- 9 || total
-------------------------+-------+-------+-------++-------
Melee: Unarmed           |   132 |    82 |   365 ||   579
       Kick              |    11 |       |    11 ||    22
       Headbutt          |     4 |     1 |       ||     5
       Punch             |     2 |     1 |     5 ||     8
 Cast: Beastly Appendage |    29 |     6 |     7 ||    42
       Spider Form       |     3 |     7 |     1 ||    11
       Ice Form          |       |     1 |    20 ||    21
       Blade Hands       |       |       |    15 ||    15
 Abil: End Transformatio |       |     1 |       ||     1
  Use: Scroll            |       |     4 |    18 ||    22
       Potion            |       |     1 |     7 ||     8
 Stab: Sleeping          |     2 |       |     3 ||     5
       Distracted        |       |       |     1 ||     1
  Eat: Chunk             |     4 |     5 |    28 ||    37
       Bread ration      |       |       |     1 ||     1
       Fruit             |       |       |     1 ||     1
Armor: Leather armour    |    40 |     9 |    47 ||    96
       Skin              |       |     5 |    31 ||    36
Dodge: Dodged            |    98 |    69 |   227 ||   394
